 Dungeon Crawl Stone Soup version 0.28.0 (webtiles) character file.

Game seed: 12642812462271799991

41 AmazingTV the Grasshopper (level 3, 0/18 HPs)
             Began as a Spriggan Warper on June 22, 2022.
             Succumbed to an adder's poison
             ... on level 2 of the Dungeon.
             The game lasted 00:05:20 (1568 turns).

AmazingTV the Grasshopper (Spriggan Warper)         Turns: 1568, Time: 00:05:21

Health: 0/18       AC:  2    Str:  9    XL:     3   Next: 32%
Magic:  8/8        EV: 17    Int: 14    God:
Gold:   20         SH:  0    Dex: 14    Spells: 8/8 levels left

rFire   . . .      SeeInvis +   a - +0 short sword
rCold   . . .      Faith    .   (no shield)
rNeg    . . .      Spirit   .   b - +0 robe
rPois   .          Reflect  .   (helmet restricted)
rElec   .          Harm     .   (no cloak)
rCorr   .          Rampage  .   (gloves unavailable)
Will    .....                   (boots unavailable)
Stlth   ++........              (no amulet)
HPRegen 0.06/turn               (no ring)
MPRegen 0.11/turn               (no ring)

@: lethally poisoned (0 -> -1), very quick
A: very small, no large weapons, unfitting armour, see invisible, speed 3
a: no special abilities


You were on level 2 of the Dungeon.
You visited 1 branch of the dungeon, and saw 2 of its levels.

You collected 20 gold pieces.

Inventory:

Hand Weapons
 a - a +0 short sword (weapon)
 l - a +0 hand axe of electrocution
Missiles
 d - 5 boomerangs of dispersal (quivered)
 f - 4 stones
 g - 19 arrows
 i - 16 sling bullets
 j - 19 bolts
Armour
 b - a +0 robe (worn)
Scrolls
 c - 2 scrolls of blinking
 e - 2 scrolls of identify {unknown}
 k - a scroll of immolation {unknown}
 m - a scroll of noise {unknown}
Potions
 h - a potion of invisibility {unknown}


   Skills:
 + Level 1.8 Fighting
 + Level 2.5 Short Blades
 + Level 1.5 Throwing
 + Level 3.5 Dodging
 + Level 1.3 Stealth
 + Level 3.0 Spellcasting
 + Level 4.9 Translocations


You had 8 spell levels left.
You didn't know any spells.
Your spell library contained the following spells:

 Spells                   Type           Power      Damage    Failure   Level
 Blink                    Tloc           30%        N/A       4%          2
 Gell's Gravitas          Tloc           15%        N/A       9%          3
 Lesser Beckoning         Tloc           15%        N/A       9%          3
 Teleport Other           Tloc           15%        N/A       9%          3
 Beastly Appendage        Tmut           4%         N/A       22%         1
 Wereblood                Tmut           2%         N/A       32%         2
 Spider Form              Tmut/Pois      2%         N/A       54%         3
 Manifold Assault         Tloc           15%        N/A       61%         5


Dungeon Overview and Level Annotations

Branches:
Dungeon (2/15)

Altars:


Innate Abilities, Weirdness & Mutations

You are very small and have problems with some larger weapons.
You are too small for most types of armour.
You have supernaturally acute eyesight. (SInv)
You cover ground extremely quickly. (Speed+++)


Message History

The adder closely misses you.
You hit the adder.
The adder is lightly wounded.
The adder bites you.
You hit the adder.
The adder is moderately wounded.
The adder bites you.
You are poisoned.
The adder poisons you!
You hit the adder.
The adder is severely wounded.
You feel sick. The adder misses you. x2
You miss the adder.
The adder is heavily wounded.
You feel sick. The adder closely misses you.
You hit the adder.
The adder is severely wounded.
You feel sick. The adder bites you.
You are more poisoned.
The adder poisons you!
You are too injured to fight recklessly!
You are too injured to fight recklessly!
You barely miss the adder.
The adder is severely wounded.
You feel sick. The adder barely misses you.
You closely miss the adder.
The adder is severely wounded.
You feel sick. The adder bites you.
* * * LOW HITPOINT WARNING * * *
The adder bites you.
* * * LOW HITPOINT WARNING * * *
You closely miss the adder.
The adder is severely wounded.
* * * LOW HITPOINT WARNING * * *
You feel sick. The adder misses you.
You hit the adder.
You kill the adder!
* * * LOW HITPOINT WARNING * * *
You feel sick.
You die...

####################
....................
####...##.########.
#.....+.......# #.
..
#@#...##.####'###.
#.#
#.#...##.##.......
..
#.######+##.....##
#.##)# #.....#
#..#.# ####### #.#.#
#...# ####..#
+.....#


There were no monsters in sight!

Vanquished Creatures
  An adder (D:2)
  2 dart slugs (D:1)
  3 ball pythons (D:1)
  3 endoplasms (D:1)
  A giant cockroach (D:1)
  4 goblins (D:1)
  A hobgoblin (D:1)
  4 jackals (D:1)
  A frilled lizard (D:1)
  2 kobolds
  2 rats (D:1)
24 creatures vanquished.

Notes
Turn   | Place    | Note
-------+----------+-------------------------------------------
     0 | D:1      | AmazingTV the Spriggan Warper began the quest for the Orb.
     0 | D:1      | Reached XP level 1. HP: 10/10 MP: 5/5
   309 | D:1      | Reached XP level 2. HP: 7/14 MP: 6/6
   615 | D:1      | Reached skill level 1 in Stealth
  1293 | D:1      | Reached XP level 3. HP: 18/18 MP: 8/8
  1373 | D:1      | Found a faded altar of an unknown god.
  1568 | D:2      | Succumbed to an adder's poison

Illustrated notes

Levels and vault maps discovered:
D:1:      shiori_shiawase, layout_basic, ebering_ecumenical_altar_ruins
D:2:      layout_basic, minmay_3d_cube, uniq_robin

Skill      XL: |  1  2 |
---------------+-------+-----
Stealth        | 1 |  1.3
Spellcasting   | 3 |  3.0
Fighting       | |  1.8
Short Blades   | |  2.5
Throwing       | |  1.5
Dodging        | |  3.5
Translocations | |  4.9

Action                   || total
-------------------------++-------
Melee: Short sword       ||   108
       Punch             ||     2
Armor: Robe              ||     3
Dodge: Dodged            ||    93
